 Dungeon Crawl Stone Soup version 0.18-a0-1804-g0930707 (webtiles) character file.

37 Etesian the Grave Robber (level 3, -3/19 HPs)
             Began as a Deep Elf Necromancer on Apr 25, 2016.
             Slain by Sigmund
             ... wielding a +0 scythe
              (7 damage)
             ... on level 2 of the Dungeon.
             The game lasted 00:07:08 (1604 turns).

Etesian the Grave Robber (Deep Elf Necromancer)     Turns: 1604, Time: 00:07:09

Health: -3/19      AC:  2    Str:  5    XL:     3   Next: 21%
Magic:  0/10       EV: 13    Int: 20    God:
Gold:   91         SH:  0    Dex: 15    Spells: 3 memorised, 4 levels left

rFire  . . .     SeeInvis .     e - +0 spear
rCold  . . .     Gourm    .     a - +0 robe
rNeg   . . .     Faith    .     (no shield)
rPois  .         Spirit   .     (no helmet)
rElec  .         Dismiss  .     (no cloak)
rCorr  .         Reflect  .     (no gloves)
SustAt .         Harm     .     (no boots)
MR     .....                    (no amulet)
Stlth  ++........               (no ring)
                                (no ring)

@: very slightly contaminated, not resistant to hostile enchantments, unstealthy
A: no striking features
a: no special abilities


You were on level 2 of the Dungeon.
You were not hungry.

You visited 1 branch of the dungeon, and saw 2 of its levels.

You collected 91 gold pieces.

Inventory:

Hand Weapons
 e - a +0 spear (weapon)
Armour
 a - a +0 robe (worn)
Scrolls
 d - 3 scrolls of remove curse
 g - a scroll of blinking
Potions
 h - a potion of berserk rage {unknown}
 i - a potion of might {unknown}
Books
 b - a book of Necromancy

   Spells                             Type                      Level
   a - Pain                           Necromancy                   1
   b - Animate Skeleton               Necromancy                   1
   c - Vampiric Draining              Necromancy                   3
   d - Regeneration                   Charms/Necromancy            3
   e - Animate Dead                   Necromancy                   4
   f - Control Undead                 Necromancy                   4
Comestibles
 c - 2 bread rations
 f - 3 chunks of flesh


   Skills:
 + Level 3.0 Dodging
 - Level 2.4 Stealth
 + Level 3.5 Spellcasting
 * Level 5.5 Necromancy


You had 4 spell levels left.
You knew the following spells:

 Your Spells              Type           Power        Failure   Level  Hunger
a - Pain                  Necr           ####         1%          1    None
b - Animate Skeleton      Necr           N/A          1%          1    None
c - Vampiric Draining     Necr           ####......   6%          3    ###....


Dungeon Overview and Level Annotations

Branches:
Dungeon (2/15)

Altars:

Annotations:
D:2 Sigmund


Message History

* * * LOW HITPOINT WARNING * * *
You take 4 damage, and have 4/19 hp.
MASSIVE DAMAGE!!
You now have 1/10 mp.
Casting: Vampiric Draining
Confirm with . or Enter, or press ? or * to list all spells.
Aiming: Pain
Press: ? - help, Shift-Dir - straight line, f/p - Sigmund
Aim: Sigmund, wielding a scythe and wearing a robe (almost dead, fast, chance to defeat MR: 89%)
You miscast Pain.
You are very lightly contaminated with residual magic.
Nothing appears to happen.
* * * LOW MAGIC WARNING * * *
Sigmund barely misses you.
You now have 0/10 mp.
You hit Sigmund but do no damage.
Sigmund is almost dead.
Sigmund mumbles some strange words.
Sigmund flickers and vanishes!
Deactivating autopickup; reactivate with Ctrl-A.
Something hits you!
You die...

#.# ... ..##. ...
...... .... .....#.
....@ .#####.#
###########....
........ #..........#
.#####.###..........#
.#
#....#.......{..####
>.
+....'......@........
#
#....#..........####.
#....#..........#
##'###..........# .
#.# #..........#
######.# #..........#
.......# ####...#####
#####..# #...#
....#..# .....


There were no monsters in sight!

Vanquished Creatures
  An ooze (D:1)
  2 giant geckos
  A giant cockroach (D:1)
  3 goblins
  5 hobgoblins
  2 bats (D:1)
  2 giant newts (D:1)
  4 kobolds (D:1)
  8 rats
28 creatures vanquished.

Vanquished Creatures (collateral kills)
  A goblin (D:1)
  A kobold (D:1)
  A giant newt (D:1)
  A rat (D:1)
4 creatures vanquished.

Grand Total: 32 creatures vanquished

Notes
Turn   | Place    | Note
--------------------------------------------------------------
     0 | D:1      | Etesian the Deep Elf Necromancer began the quest for the Orb.
     0 | D:1      | Reached XP level 1. HP: 10/10 MP: 6/6
     2 | D:1      | Learned a level 1 spell: Animate Skeleton
   311 | D:1      | Reached skill level 5 in Necromancy
   472 | D:1      | Reached XP level 2. HP: 7/15 MP: 5/8
  1131 | D:1      | Reached XP level 3. HP: 13/19 MP: 7/10
  1136 | D:1      | Learned a level 3 spell: Vampiric Draining
  1591 | D:2      | Noticed Sigmund
  1604 | D:2      | Slain by Sigmund

Vault maps used:
D:1:      dpeg_arrival_water_fire
D:2:      xom_butterflies, uniq_sigmund

Skill      XL: |  1  2  3 |
---------------+----------+-----
Necromancy     | 5 |  5.5
Dodging        | 3 |  3.0
Stealth        | |  2.4
Spellcasting   | |  3.5

Action                   || total
-------------------------++-------
Melee: Spear             ||    51
       Short sword       ||     2
       Unarmed           ||     1
 Cast: Pain              ||    26
       Animate Skeleton  ||     9
       Vampiric Draining ||     4
  Use: Scroll            ||     4
 Stab: Sleeping          ||     8
  Eat: Chunk             ||     2
Armor: Robe              ||     6
Dodge: Dodged            ||    31
